[Event "fics rated crazyhouse match"]
[Site "fics, Oklahoma City, OK USA"]
[Date "2000.11.21"]
[White "liveZ"]
[WhiteElo "2312"]
[Black "Gobi"]
[BlackElo "2292"]
[TimeControl "120+0"]
[Result "0-1"]

1. e4 Nf6 2. e5 Nd5 3. Nf3 e6 4. d4 d6 5. Bd3 Nc6 6. Be4 
dxe5 7. dxe5 P@g4 8. Bg5 gxf3 9. Bxd8 fxg2 10. Bxg2 Nxd8 11. Nc3 N@f4 
12. Bxd5 exd5 13. Rg1 B@b4 14. P@g2 B@a5 15. P@d2 Nde6 16. N@e3 d4 17. Ncd5 
dxe3 18. fxe3 Bxd2+ 19. Kf1 P@e2+ 20. Qxe2 Nxe2 21. P@f2 N2d4 22. P@e2 Q@c4 
23. Q@d3 Qxd5 24. Qxd4 Nxd4 25. N@f4 Qxe5 26. exd4 Qxf4 27. N@d1 N@g3+ 28. hxg3 
N@h2# 
{liveZ checkmated} 0-1

[Event "fics rated crazyhouse match"]
[Site "fics, Oklahoma City, OK USA"]
[Date "2000.11.21"]
[White "Gobi"]
[WhiteElo "2300"]
[Black "liveZ"]
[BlackElo "2304"]
[TimeControl "120+0"]
[Result "1-0"]

1. e4 e6 2. d4 d5 3. e5 Ne7 4. Bg5 Nbc6 5. Nf3 Bd7 6. Nc3 
Qc8 7. Bd3 Nf5 8. Bxf5 exf5 9. Nxd5 B@e7 10. P@f6 gxf6 11. exf6 Bb4+ 
12. c3 P@e4 13. N@g7+ Kd8 14. cxb4 Bxb4+ 15. Nxb4 Be6 16. Nxc6+ bxc6 17. B@e7# 
{liveZ resigns} 1-0

[Event "fics rated crazyhouse match"]
[Site "fics, Oklahoma City, OK USA"]
[Date "2000.11.21"]
[White "liveZ"]
[WhiteElo "2296"]
[Black "Gobi"]
[BlackElo "2308"]
[TimeControl "120+0"]
[Result "0-1"]

1. e4 e5 2. Nf3 Nc6 3. Bc4 Bc5 4. c3 Nf6 5. d4 exd4 6. cxd4 
Nxd4 7. P@c3 Nxf3+ 8. Qxf3 N@e5 9. Qe2 d6 10. Bb5+ c6 11. Ba4 P@d3 
12. Qd2 Nxe4 13. Qf4 Bxf2+ 14. Qxf2 Nxf2 15. B@h5 Nxh1 
{liveZ resigns} 0-1

[Event "fics rated crazyhouse match"]
[Site "fics, Oklahoma City, OK USA"]
[Date "2000.11.21"]
[White "Gobi"]
[WhiteElo "2316"]
[Black "liveZ"]
[BlackElo "2288"]
[TimeControl "120+0"]
[Result "1-0"]

1. e4 e6 2. d4 Nf6 3. Bd3 Nc6 4. Nf3 Be7 5. e5 Nd5 6. O-O 
d6 7. Nc3 Nxc3 8. bxc3 dxe5 9. Nxe5 Nxe5 10. dxe5 P@d6 11. N@h5 Bf8 
12. P@f6 Rg8 13. Bxh7 gxf6 14. Bxg8 fxe5 15. N@f6+ Ke7 16. Bg5 
{liveZ resigns} 1-0

[Event "fics rated crazyhouse match"]
[Site "fics, Oklahoma City, OK USA"]
[Date "2000.11.21"]
[White "liveZ"]
[WhiteElo "2281"]
[Black "Gobi"]
[BlackElo "2323"]
[TimeControl "120+0"]
[Result "1-0"]

1. e4 e5 2. Nf3 Nc6 3. Bb5 Bc5 4. O-O Nge7 5. c3 a6 6. Ba4 
O-O 7. d4 exd4 8. cxd4 Nxd4 9. Nxd4 Bxd4 10. P@h6 d6 11. hxg7 Bxg7 
12. P@h6 Be5 13. f4 Bh8 14. f5 N@e5 15. Nc3 P@d3 16. Bf4 P@e2 17. Nxe2 
dxe2 18. Qxe2 P@f3 19. Rxf3 Nxf3+ 20. Qxf3 Bd4+ 21. P@e3 Bxb2 22. P@g7 Re8 
23. N@h5 Nc6 24. P@e5 P@e7 25. e6 fxe6 26. fxe6 Bxe6 27. Bb3 Bxb3 28. axb3 
P@f7 29. Rf1 N@d2 30. Bxd6 Nxf3+ 31. gxf3 Qxd6 32. B@g3 P@h3 33. N@f6# 
{Gobi forfeits on time} 1-0

[Event "fics rated crazyhouse match"]
[Site "fics, Oklahoma City, OK USA"]
[Date "2000.11.21"]
[White "Gobi"]
[WhiteElo "2314"]
[Black "liveZ"]
[BlackElo "2290"]
[TimeControl "120+0"]
[Result "0-1"]

1. e4 e5 2. Nf3 Nc6 3. Bc4 Bc5 4. O-O Nf6 5. Qe2 d6 6. d3 
Bg4 7. Nbd2 Bxf3 8. Nxf3 N@d4 9. Nxd4 Nxd4 10. Qd1 Nxe4 11. dxe4 P@e2 
12. Bxe2 Nxe2+ 13. Qxe2 N@d4 14. Qg4 B@g6 15. P@f5 h5 16. Qh3 Bxf5 17. exf5 
P@g4 18. Qd3 d5 19. Re1 e4 20. N@c3 O-O 21. Nxe4 dxe4 22. Qxe4 N@f3+ 
23. gxf3 Nxf3+ 24. Qxf3 gxf3 25. P@h7+ Kh8 26. B@f1 P@g2 27. Bxg2 fxg2 28. N@g3 
B@f3 
{Gobi forfeits on time} 0-1

[Event "fics rated crazyhouse match"]
[Site "fics, Oklahoma City, OK USA"]
[Date "2000.11.21"]
[White "liveZ"]
[WhiteElo "2299"]
[Black "Gobi"]
[BlackElo "2305"]
[TimeControl "120+0"]
[Result "1-0"]

1. e4 Nf6 2. e5 Nd5 3. Nc3 e6 4. Nf3 d6 5. Nxd5 exd5 6. exd6 
cxd6 7. d4 Nc6 8. Be2 P@e4 9. Ng5 N@h4 10. Rg1 Be7 11. P@g3 Nxg2+ 
12. Rxg2 Bxg5 13. Bxg5 Qxg5 14. B@h4 B@a5+ 15. N@c3 P@h3 16. Rg1 N@g2+ 17. Rxg2 
hxg2 18. Bxg5 g1=Q+ 19. N@f1 Bxc3+ 20. bxc3 Qxf2+ 21. Kxf2 N@h3+ 22. Ke1 Nxg5 
23. B@b5 B@a5 24. P@b4 Bd8 25. Ne3 P@f3 26. Bf1 O-O 27. Nxd5 Bg4 28. P@h6 
f2+ 29. Kd2 Bxd1 30. Rxd1 e3+ 31. Nxe3 Ne4+ 32. Ke2 Nxc3+ 33. Kd2 Ne4+ 
34. Ke2 P@f3+ 35. Kxf3 Ng5+ 36. Ke2 Q@f3+ 37. Kd2 Ne4+ 38. Kc1 R@a1+ 39. Kb2 
{Gobi forfeits on time} 1-0

[Event "fics rated crazyhouse match"]
[Site "fics, Oklahoma City, OK USA"]
[Date "2000.11.21"]
[White "Gobi"]
[WhiteElo "2297"]
[Black "liveZ"]
[BlackElo "2307"]
[TimeControl "120+0"]
[Result "1-0"]

1. d4 d5 2. Bf4 Nf6 3. e3 e6 4. Nf3 Bb4+ 5. c3 Bd6 6. Nbd2 
Bxf4 7. exf4 B@g6 8. Be2 Nc6 9. O-O Ne4 10. Ne5 f6 11. Nxc6 bxc6 
12. B@h5 Nxd2 13. Qxd2 N@e4 14. Qe3 N@f5 15. Qh3 Rf8 16. N@b4 Bd7 17. N@a5 
Bxh5 18. Bxh5+ g6 19. Bg4 h5 20. Bxf5 exf5 21. Naxc6 Bxc6 22. Nxc6 B@g4 
23. Nxd8 Bxh3 24. Q@e6+ B@e7 25. P@d7+ Kxd8 26. N@c6# 
{liveZ checkmated} 1-0

[Event "fics rated crazyhouse match"]
[Site "fics, Oklahoma City, OK USA"]
[Date "2000.11.21"]
[White "liveZ"]
[WhiteElo "2299"]
[Black "Gobi"]
[BlackElo "2305"]
[TimeControl "120+0"]
[Result "1-0"]

1. e4 c5 2. Nf3 a6 3. d4 cxd4 4. Nxd4 Nf6 5. Nc3 d6 6. Bc4 
e6 7. P@f5 d5 8. fxe6 Bxe6 9. exd5 Bxd5 10. Bxd5 Nxd5 11. P@e6 B@c8 
12. exf7+ Kxf7 13. P@e6+ Bxe6 14. Nxe6 Qe7 15. P@f5 Nxc3 16. bxc3 Nc6 17. N@g5+ 
Ke8 18. B@d7+ Qxd7 19. Qxd7+ Kxd7 20. Q@c7+ Ke8 21. Qf7# 
{Gobi checkmated} 1-0

[Event "fics rated crazyhouse match"]
[Site "fics, Oklahoma City, OK USA"]
[Date "2000.11.21"]
[White "Gobi"]
[WhiteElo "2297"]
[Black "liveZ"]
[BlackElo "2307"]
[TimeControl "120+0"]
[Result "1-0"]

1. e4 Nc6 2. Nf3 e5 3. Bb5 Nf6 4. Nc3 Bc5 5. O-O d6 6. d3 
Bg4 7. Be3 Bxf3 8. Qxf3 Bxe3 9. fxe3 B@g4 10. Qg3 a6 11. Bxc6+ bxc6 
12. Rxf6 Qxf6 13. Qxg4 B@f2+ 14. Kh1 Bxe3 15. B@h4 P@f2 16. Bxf2 Bxf2 17. N@h5 
B@e6 18. Nxg7+ Kd8 19. Nxe6+ fxe6 20. B@g5 Bh4 21. Qxh4 N@f2+ 22. Qxf2 Qxg5 
23. N@f7+ Kc8 24. Nxg5 R@g7 25. Nxe6 B@b6 26. P@c5 N@g4 27. Qf5 Kb8 28. cxb6 
cxb6 29. P@f7 Nf2+ 30. Qxf2 Ka7 31. Q@c7+ P@b7 32. Qfxb6# 
{liveZ checkmated} 1-0

[Event "fics rated crazyhouse match"]
[Site "fics, Oklahoma City, OK USA"]
[Date "2000.11.21"]
[White "liveZ"]
[WhiteElo "2299"]
[Black "Gobi"]
[BlackElo "2305"]
[TimeControl "120+0"]
[Result "0-1"]

1. e4 Nf6 2. e5 Nd5 3. c4 Nb4 4. a3 N4c6 5. d4 d6 6. Nf3 
Bg4 7. exd6 exd6 8. d5 Bxf3 9. Qxf3 N@c2+ 10. Kd2 Nxa1 11. dxc6 Nxc6 
12. B@d5 Nb3+ 13. Ke1 Qe7+ 14. Be2 Ne5 15. Qxb3 R@b6 16. P@b5 P@d3 17. N@f5 
Qf6 18. Bxd3 P@e6 19. N@e4 Nxd3+ 20. Qxd3 Qxf5 21. Nxd6+ Bxd6 22. Qxf5 exf5 
23. Bxf7+ Kd8 24. N@e6+ Ke7 25. Bg5+ B@f6 26. Bxf6+ gxf6 27. Q@e2 B@e4 28. B@f8+ 
Rhxf8 29. Nxf8 Rxf8 30. R@e8+ Kxf7 31. Rxf8+ Bxf8 32. P@e6+ Rxe6 33. R@d7+ B@e7 
34. P@g6+ hxg6 35. Rxe7+ Rxe7 36. B@g8+ Kxg8 37. P@f7+ Kh7 38. f3 N@d3+ 39. Kf1 
Q@c1+ 40. Qd1 Qxd1# 
{liveZ checkmated} 0-1

[Event "fics rated crazyhouse match"]
[Site "fics, Oklahoma City, OK USA"]
[Date "2000.11.21"]
[White "Gobi"]
[WhiteElo "2313"]
[Black "liveZ"]
[BlackElo "2291"]
[TimeControl "120+0"]
[Result "1-0"]

1. e4 e6 2. d4 c5 3. Nf3 Nf6 4. e5 Ne4 5. Nbd2 d5 6. exd6 
Nxf2 7. Kxf2 Bxd6 8. Nc4 P@d5 9. Nxd6+ Qxd6 10. B@f4 Qd7 11. N@c7+ Qxc7 
12. Bxc7 Nc6 13. Bb5 N@e4+ 14. Kf1 O-O 15. P@h6 N@f5 16. hxg7 Nxg7 17. Bxc6 
f5 18. N@h6# 
{liveZ resigns} 1-0

[Event "fics rated crazyhouse match"]
[Site "fics, Oklahoma City, OK USA"]
[Date "2000.11.21"]
[White "liveZ"]
[WhiteElo "2284"]
[Black "Gobi"]
[BlackElo "2320"]
[TimeControl "120+0"]
[Result "0-1"]

1. d4 Nf6 2. c4 e6 3. Nc3 Be7 4. e4 d6 5. Nf3 O-O 6. Bg5 
Nbd7 7. e5 Ng4 8. Bxe7 Qxe7 9. B@h4 f6 10. Bd3 dxe5 11. dxe5 Ndxe5 
12. Nxe5 Nxe5 13. P@d4 Nxd3+ 14. Qxd3 B@g6 15. N@e4 B@c6 16. O-O P@d5 17. cxd5 
exd5 18. Nxd5 Bxd5 19. Nxf6+ gxf6 20. N@h6+ Kh8 21. P@f5 N@f4 22. fxg6 N@e2+ 
23. Qxe2 Nxe2+ 24. Kh1 Bxg2+ 25. Kxg2 N@f4+ 26. Kf3 Q@g2# 
{liveZ checkmated} 0-1

[Event "fics rated crazyhouse match"]
[Site "fics, Oklahoma City, OK USA"]
[Date "2000.11.21"]
[White "Gobi"]
[WhiteElo "2327"]
[Black "liveZ"]
[BlackElo "2277"]
[TimeControl "120+0"]
[Result "0-1"]

1. e4 e6 2. d4 d5 3. exd5 exd5 4. Nf3 Bg4 5. Bb5+ P@c6 6. Be2 
Be7 7. Nc3 Nd7 8. O-O Ngf6 9. Ne5 Bxe2 10. Qxe2 Nxe5 11. dxe5 Ne4 
12. N@f5 B@f8 13. Nxe4 dxe4 14. Qxe4 N@c5 15. Qe2 N@d5 16. N@f6+ gxf6 17. exf6 
Nxf6 18. P@g7 Rg8 19. gxf8=Q+ Kxf8 20. Bh6+ Ke8 21. B@g3 P@e4 22. Rad1 P@d5 
23. B@d4 Kd7 24. Nxe7 Qxe7 25. Bxc5 Qxc5 26. B@d4 B@f3 27. Bxc5 N@h3+ 28. gxh3 
Rxg3+ 29. fxg3 B@d6 30. Bxd6 cxd6 31. Rxf3 B@b6+ 32. B@e3 Bxe3+ 33. Bxe3 B@f2+ 
34. Qxf2 N@e2+ 35. Qxe2 exf3 36. B@f5+ R@e6 37. Bxe6+ fxe6 38. Q@f7+ B@e7 39. Qxf3 
Ne4 40. Qxe7+ Kxe7 41. R@f7+ Kd8 42. B@c7+ Kc8 
{Gobi forfeits on time} 0-1

[Event "fics rated crazyhouse match"]
[Site "fics, Oklahoma City, OK USA"]
[Date "2000.11.21"]
[White "liveZ"]
[WhiteElo "2286"]
[Black "Gobi"]
[BlackElo "2318"]
[TimeControl "120+0"]
[Result "1-0"]

1. e4 Nf6 2. e5 Nd5 3. Bc4 e6 4. Nc3 Nb6 5. Be2 d6 6. Nf3 
Nc6 7. d4 Bd7 8. Bf4 Nb4 9. Bg3 Bc6 10. O-O Be7 11. Bb5 Bxb5 
12. Nxb5 B@c6 13. Nxc7+ Qxc7 14. exd6 Bxd6 15. Bxd6 Qxd6 16. B@c5 B@e7 17. Bxb4 
Qxb4 18. B@c5 Bxc5 19. dxc5 Qxc5 20. B@d6 Qd5 21. Qxd5 Nxd5 22. N@c7+ Kd7 
23. Nxd5 Kxd6 24. P@e5+ Kc5 25. Q@b4+ Kxd5 26. Qd4# 
{Gobi checkmated} 1-0

[Event "fics rated crazyhouse match"]
[Site "fics, Oklahoma City, OK USA"]
[Date "2000.11.21"]
[White "liveZ"]
[WhiteElo "2303"]
[Black "Gobi"]
[BlackElo "2301"]
[TimeControl "120+0"]
[Result "0-1"]

1. e4 Nf6 2. e5 Nd5 3. Nf3 e6 4. Bc4 d6 5. Nc3 Nxc3 6. bxc3 
Nc6 7. d4 dxe5 8. Bg5 P@f6 9. dxe5 fxg5 10. Qxd8+ Nxd8 11. P@f6 N@e4 
12. fxg7 Bxg7 13. P@f6 Nxf6 14. exf6 Bxf6 15. N@e4 B@g7 16. Nxf6+ Bxf6 17. B@d4 
Bxd4 18. Nxd4 B@f6 19. Bb5+ P@c6 20. B@d2 cxb5 21. Nxb5 Q@e5+ 22. P@e3 Qxb5 
23. N@d3 B@g7 24. a4 Qc6 25. Q@b5 Bxc3 26. O-O Bxd2 27. Rad1 P@e2 28. Rxd2 
Qxb5 29. axb5 Q@h1+ 30. Kxh1 exf1=Q+ 31. B@g1 P@f3 32. Q@g3 fxg2+ 33. Qxg2 Qxg2+ 
34. Kxg2 N@h4+ 35. Kf1 B@g2+ 36. Ke2 Q@f1# 
{liveZ checkmated} 0-1

[Event "fics rated crazyhouse match"]
[Site "fics, Oklahoma City, OK USA"]
[Date "2000.11.21"]
[White "Gobi"]
[WhiteElo "2309"]
[Black "liveZ"]
[BlackElo "2295"]
[TimeControl "120+0"]
[Result "1-0"]

1. Nc3 e6 2. d4 Bb4 3. e4 Nf6 4. Bd3 d5 5. e5 Ne4 6. Ne2 
Nc6 7. Be3 Bxc3+ 8. Nxc3 Nxc3 9. bxc3 N@e4 10. Bxe4 dxe4 11. N@g5 B@g6 
12. N@h4 N@c4 13. Bf4 Qd5 14. Qe2 N6xe5 15. dxe5 Nxe5 16. Bxe5 Qxe5 17. B@d2 
e3 18. Qxe3 Qxe3+ 19. Bxe3 B@b5 20. N@d4 P@e2 21. Nxb5 O-O 22. N@e7+ Kh8 
23. Nhxg6+ fxg6 24. Q@g8+ Rxg8 25. Nf7# 
{liveZ checkmated} 1-0

[Event "fics rated crazyhouse match"]
[Site "fics, Oklahoma City, OK USA"]
[Date "2000.11.21"]
[White "liveZ"]
[WhiteElo "2287"]
[Black "Gobi"]
[BlackElo "2317"]
[TimeControl "120+0"]
[Result "1-0"]

1. e4 Nc6 2. d4 e6 3. Nf3 Nf6 4. Bg5 Nxe4 5. Bxd8 Nxd8 6. Bd3 
d5 7. Bxe4 dxe4 8. Ng5 B@g6 9. Nc3 B@c6 10. N@e5 Bb4 11. O-O Bxc3 
12. bxc3 P@f6 13. B@a3 N@d5 14. c4 Ne7 15. Bxe7 Kxe7 16. Nxc6+ Nxc6 17. B@a3+ 
B@d6 18. c5 Bf4 19. Nxe4 Bxe4 20. P@d6+ Ke8 21. dxc7 N@c3 22. Qg4 Rg8 
23. N@d6+ Bxd6 24. cxd6 N@e2+ 25. Kh1 N@d5 26. Q@d8+ Nxd8 27. cxd8=Q+ Kxd8 28. P@c7+ 
Kd7 29. N@b8# 
{Gobi forfeits on time} 1-0

[Event "fics rated crazyhouse match"]
[Site "fics, Oklahoma City, OK USA"]
[Date "2000.11.21"]
[White "Gobi"]
[WhiteElo "2308"]
[Black "liveZ"]
[BlackElo "2296"]
[TimeControl "120+0"]
[Result "0-1"]

1. Nf3 e6 2. d4 d5 3. Bg5 Be7 4. Bxe7 Nxe7 5. e3 Nbc6 6. Nbd2 
B@h5 7. Be2 O-O 8. O-O Ng6 9. h3 e5 10. dxe5 Ncxe5 11. Nxe5 Bxe2 
12. Nxg6 fxg6 13. Qxe2 B@e4 14. Nxe4 dxe4 15. B@d5+ Qxd5 16. N@e7+ Kh8 17. Nxd5 
Bxh3 18. N@g5 Bxg2 19. Ne7 P@h2+ 20. Kxh2 B@d6+ 21. B@f4 Bxe7 22. Kxg2 Bxg5 
23. f3 N@h4+ 24. Kh2 Bxf4+ 25. exf4 exf3 26. Qe6 P@g3+ 27. Kxg3 N@f5+ 28. Kh3 
B@g2+ 29. Kg4 P@h5+ 30. Kg5 P@h6# 
{Gobi checkmated} 0-1

[Event "fics rated crazyhouse match"]
[Site "fics, Oklahoma City, OK USA"]
[Date "2000.11.21"]
[White "Flesh"]
[WhiteElo "2164"]
[Black "venomous"]
[BlackElo "2396"]
[TimeControl "60+0"]
[Result "0-1"]

1. e4 e6 2. d4 Nc6 3. Nc3 Nf6 4. Bg5 Be7 5. Bxf6 Bxf6 6. Nf3 
d6 7. Bb5 B@h5 8. Bxc6+ bxc6 9. N@f4 Bxf3 10. gxf3 B@g5 11. N@h3 Bxf4 
12. Nxf4 N@g6 13. Nxg6 hxg6 14. Rg1 N@h3 15. Rg3 Nf4 16. B@e3 N@g2+ 17. Kd2 
Rxh2 18. Qg1 Nxe3 19. Qxh2 Nc4+ 20. Kc1 B@d2+ 21. Kb1 Bxc3 22. Qh8+ N@f8 
23. bxc3 Rb8+ 24. B@b4 P@b2 25. B@b3 bxa1=Q+ 26. Kxa1 R@f1+ 27. N@b1 Rxb1+ 28. Kxb1 
N@d2+ 29. Kc1 Rxb4 30. P@h7 Kd7 31. R@g8 Bxd4 32. Bxc4 Bxc3 33. N@b3 P@b2+ 
34. Kd1 b1=Q+ 35. R@c1 Qxc1+ 36. Nxc1 R@h1+ 37. Rg1 Rxg1+ 38. Bf1 Rxf1# 
{Flesh checkmated} 0-1

[Event "fics rated crazyhouse match"]
[Site "fics, Oklahoma City, OK USA"]
[Date "2000.11.21"]
[White "venomous"]
[WhiteElo "2399"]
[Black "Flesh"]
[BlackElo "2161"]
[TimeControl "60+0"]
[Result "1-0"]

1. e4 d5 2. exd5 e6 3. dxe6 Bxe6 4. d4 Nc6 5. Nf3 Nf6 6. Bb5 
Bb4+ 7. Nc3 Bxc3+ 8. bxc3 N@d5 9. Bd2 P@h3 10. gxh3 Bxh3 11. Rg1 Qe7+ 
12. P@e5 Ne4 13. B@h4 P@g5 14. Bhxg5 Nxg5 15. Bxg5 f6 16. N@f4 Nxc3 17. Qd3 
Nxb5 18. Nxh3 fxg5 19. B@h5+ P@g6 20. Bxg6+ hxg6 21. Qxg6+ B@f7 22. Qxg7 O-O-O 
23. P@f6 B@c3+ 24. Kf1 Qb4 25. Qxf7 Rxh3 26. B@g4+ B@d7 27. P@e7 Qc4+ 28. Qxc4 
Bxg4 29. Q@a8+ B@b8 30. exd8=Q+ Nxd8 31. P@e7 Bxf3 32. exd8=Q+ Kxd8 33. Qxb8+ B@c8 
34. P@e7+ Kd7 35. R@d8# 
{Flesh checkmated} 1-0

[Event "fics rated crazyhouse match"]
[Site "fics, Oklahoma City, OK USA"]
[Date "2000.11.21"]
[White "jiggaman"]
[WhiteElo "2296"]
[Black "valdushka"]
[BlackElo "2225"]
[TimeControl "60+0"]
[Result "1-0"]

1. e4 Nf6 2. Nc3 e6 3. d4 Nc6 4. Be3 d5 5. e5 Ne4 6. Nxe4 
dxe4 7. Nh3 N@f5 8. c3 Nxe3 9. fxe3 B@f5 10. Nf4 Be7 11. Be2 Bd7 
12. O-O Bg5 13. N@h5 Rg8 14. Bg4 Bxf4 15. Rxf4 Bxg4 16. Qxg4 N@g6 17. N@f6+ 
gxf6 18. Nxf6+ Qxf6 19. exf6 B@d6 20. P@e5 Ncxe5 21. dxe5 Bxe5 22. Qxg6 Rxg6 
23. Q@e7# 
{valdushka checkmated} 1-0

[Event "fics rated crazyhouse match"]
[Site "fics, Oklahoma City, OK USA"]
[Date "2000.11.22"]
[White "BarryWhite"]
[WhiteElo "2433"]
[Black "fermy"]
[BlackElo "2287"]
[TimeControl "180+0"]
[Result "1-0"]

1. e4 e5 2. Nf3 Nc6 3. Nc3 Bc5 4. Bc4 Nf6 5. d3 d6 6. O-O 
Nd4 7. Be3 c6 8. Na4 Bg4 9. Nxc5 dxc5 10. Bxd4 cxd4 11. Bxf7+ Kxf7 
12. Nxe5+ Ke7 13. Nxg4 N@f4 14. N@f5+ Kd7 15. Nxf6+ Qxf6 16. Qg4 B@e6 17. N@c5+ 
Kc8 18. B@g5 Bxf5 19. exf5 Qe5 20. P@d7+ Kc7 21. Bxf4 N@e2+ 22. Qxe2 
{fermy resigns} 1-0

[Event "fics rated crazyhouse match"]
[Site "fics, Oklahoma City, OK USA"]
[Date "2000.11.22"]
[White "fermy"]
[WhiteElo "2282"]
[Black "BarryWhite"]
[BlackElo "2438"]
[TimeControl "180+0"]
[Result "0-1"]

1. e4 e6 2. d4 d5 3. exd5 exd5 4. Nc3 Nc6 5. Nf3 Nf6 6. Bb5 
Bd7 7. Qe2+ P@e4 8. Bxc6 bxc6 9. Ne5 B@e6 10. Nxd7 Nxd7 11. B@b7 N@f5 
12. Be3 Bb4 13. Bxc6 O-O 14. Bxd7 Bxd7 15. N@g4 Bxc3+ 16. bxc3 N@h4 17. Rg1 
B@f3 18. N@h6+ Kh8 19. Nxf5 Bxe2 20. P@f6 Qxf6 21. Nxf6 Bxf5 22. P@h6 Nxg2+ 
23. Rxg2 Q@f1+ 24. Kd2 N@c4# 
{fermy checkmated} 0-1

[Event "fics rated crazyhouse match"]
[Site "fics, Oklahoma City, OK USA"]
[Date "2000.11.22"]
[White "BarryWhite"]
[WhiteElo "2443"]
[Black "fermy"]
[BlackElo "2277"]
[TimeControl "180+0"]
[Result "0-1"]

1. e4 e5 2. Nf3 Nc6 3. Bc4 Bc5 4. Nc3 Nf6 5. O-O d6 6. d3 
Nd4 7. Be3 c6 8. Na4 Qe7 9. Nxc5 dxc5 10. Bxf7+ Kxf7 11. Bxd4 cxd4 
12. Ng5+ Ke8 13. N@f5 Bxf5 14. exf5 B@g4 15. Qxg4 Nxg4 16. B@h5+ B@g6 17. Bxg4 
Qxg5 18. fxg6 Qxg4 19. B@f7+ Kd8 20. B@g3 hxg6 21. B@d1 P@e2 22. Bxe2 Qxe2 
23. Rae1 N@f3+ 24. Kh1 Nxe1 25. N@e6+ Ke7 26. Rg1 N@f5 27. P@h3 Nxg3+ 28. hxg3 
Qxf2 29. Ng5 Qxg1+ 30. Kxg1 P@f2+ 31. Kxf2 B@e3+ 32. Ke2 Q@f2# 
{BarryWhite resigns} 0-1

[Event "fics rated crazyhouse match"]
[Site "fics, Oklahoma City, OK USA"]
[Date "2000.11.22"]
[White "Bobeskillz"]
[WhiteElo "2249"]
[Black "BarryWhite"]
[BlackElo "2431"]
[TimeControl "120+0"]
[Result "1-0"]

1. e4 e6 2. Nc3 d5 3. exd5 exd5 4. d4 Nc6 5. Bb5 Bb4 6. Qe2+ 
P@e4 7. P@a6 Bd7 8. axb7 Rb8 9. Bxc6 Bxc6 10. Nf3 Nf6 11. Ne5 B@d7 
12. P@h6 Bxc3+ 13. bxc3 Rxb7 14. hxg7 Rg8 15. B@h5 Nxh5 16. Qxh5 Rxg7 17. Nxc6 
Bxc6 18. N@f5 Rg8 19. Qxh7 N@f6 20. P@e7 Qxe7 21. N@g7+ Kd7 22. Nxe7 Nxh7 
23. B@f5+ B@e6 24. Nxe6 Kxe7 25. P@f6+ Nxf6 26. B@h4 P@d6 27. Bxf6+ Kxf6 28. Q@h4+ 
P@g5 29. Bxg5+ Kxf5 30. Qf4+ Kg6 31. Qf6# 
{BarryWhite forfeits on time} 1-0

[Event "fics rated crazyhouse match"]
[Site "fics, Oklahoma City, OK USA"]
[Date "2000.11.22"]
[White "BarryWhite"]
[WhiteElo "2419"]
[Black "Bobeskillz"]
[BlackElo "2265"]
[TimeControl "120+0"]
[Result "1-0"]

1. e4 e6 2. d4 Nc6 3. Nf3 Nf6 4. Nc3 Bb4 5. Bd3 d5 6. exd5 
exd5 7. Qe2+ P@e4 8. P@g5 Qe7 9. gxf6 gxf6 10. N@g7+ Kd8 11. Bd2 exd3 
12. Qxe7+ Nxe7 13. cxd3 Bxc3 14. bxc3 N@c2+ 15. Kf1 Nxa1 16. Q@e1 P@h3 17. Rg1 
hxg2+ 18. Rxg2 R@h1+ 19. B@g1 P@h3 20. Rg3 B@g2+ 21. Ke2 Bxf3+ 22. Rxf3 Bg4 
23. B@g3 Bxf3+ 24. Kxf3 Q@g2+ 25. Kg4 h5+ 26. Nxh5 f5+ 27. Kg5 R@g4+ 28. Kf6 
Rg6+ 29. Kxf7 N@d6+ 30. Bxd6 Rh7+ 31. P@g7 Rgxg7+ 32. Ke6 Qg6+ 33. P@f6 P@d7+ 
34. Ke5 
{Bobeskillz forfeits on time} 1-0

[Event "fics rated crazyhouse match"]
[Site "fics, Oklahoma City, OK USA"]
[Date "2000.11.22"]
[White "Bobeskillz"]
[WhiteElo "2259"]
[Black "BarryWhite"]
[BlackElo "2424"]
[TimeControl "120+0"]
[Result "0-1"]

1. e4 e6 2. d4 Nf6 3. e5 Nd5 4. Nc3 d6 5. Nxd5 exd5 6. Nf3 
Nc6 7. Bb5 Bd7 8. Qe2 N@e4 9. c4 a6 10. Ba4 dxe5 11. dxe5 Bb4+ 
12. P@d2 P@g4 13. cxd5 gxf3 14. gxf3 Nxe5 15. Bxd7+ Qxd7 16. Qxe4 N@d3+ 17. Kd1 
Nxf2+ 18. Ke2 Nxe4 19. N@f2 Nxf2 20. Kxf2 N@d3+ 21. Ke3 Bc5+ 22. P@d4 Q@f2+ 
23. Ke4 B@f5# 
{Bobeskillz checkmated} 0-1

[Event "fics rated crazyhouse match"]
[Site "fics, Oklahoma City, OK USA"]
[Date "2000.11.22"]
[White "BarryWhite"]
[WhiteElo "2429"]
[Black "Bobeskillz"]
[BlackElo "2253"]
[TimeControl "120+0"]
[Result "0-1"]

1. e4 e6 2. d4 Nc6 3. Nf3 Nf6 4. Bd3 d5 5. e5 Ne4 6. O-O 
Nxf2 7. Rxf2 P@e4 8. Ng5 exd3 9. Nxf7 B@e2 10. Qe1 Qe7 11. Nxh8 Nxd4 
12. P@f7+ Kd7 13. R@e8 Qc5 14. cxd3 Bxd3 15. Bg5 Ne2+ 16. Kh1 P@g3 17. Rd8+ 
Kc6 18. hxg3 Nxg3+ 19. Kh2 Be7 20. Bxe7 Qxe7 21. N@d4+ Kb6 22. B@a5+ Ka6 
23. P@b5+ Bxb5 24. P@h3 Qxd8 25. a4 R@h1+ 26. Qxh1 Nxh1 
{BarryWhite forfeits on time} 0-1

[Event "fics rated crazyhouse match"]
[Site "fics, Oklahoma City, OK USA"]
[Date "2000.11.22"]
[White "Bobeskillz"]
[WhiteElo "2268"]
[Black "BarryWhite"]
[BlackElo "2417"]
[TimeControl "120+0"]
[Result "0-1"]

1. e4 e6 2. Nc3 Nf6 3. e5 Nd5 4. Nxd5 exd5 5. d4 d6 6. Nf3 
Nc6 7. Bb5 Bd7 8. Qe2 N@e4 9. c4 a6 10. cxd5 axb5 11. Qxe4 dxe5 
12. dxc6 Bxc6 13. Qxe5+ P@e6 14. P@e4 B@g4 15. Bg5 Bxf3 16. Bxd8 N@d3+ 17. Kd2 
Nxe5 18. Q@e3 Nc4+ 19. Kc1 Nxe3 20. fxe3 Bfxe4 21. P@c2 P@a3 22. Rb1 Q@e2 
23. N@d2 Qxd2+ 24. Kxd2 N@c4+ 25. Ke1 Q@d2+ 26. Kf1 Nxe3+ 27. Kg1 Qxg2# 
{Bobeskillz checkmated} 0-1

[Event "fics rated crazyhouse match"]
[Site "fics, Oklahoma City, OK USA"]
[Date "2000.11.22"]
[White "BarryWhite"]
[WhiteElo "2422"]
[Black "Bobeskillz"]
[BlackElo "2262"]
[TimeControl "120+0"]
[Result "1-0"]

1. e4 e6 2. d4 Nc6 3. Be3 Nf6 4. Bd3 e5 5. d5 Nb4 6. Nf3 
Nxd3+ 7. cxd3 Ng4 8. O-O Nxe3 9. fxe3 Bc5 10. N@f5 B@h6 11. N@g4 B@f4 
12. Ngxh6 Bxh6 13. B@d2 N@g4 14. Nxh6 Nxe3 15. Bxe3 Bxe3+ 16. Kh1 Bxh6 17. N@f5 
B@f6 18. Nc3 d6 19. Nxh6 gxh6 20. B@f5 Bxf5 21. exf5 B@g4 22. B@e6 fxe6 
23. fxe6 P@h3 24. B@f7+ Kf8 25. Ne4 hxg2+ 26. Kxg2 B@h3+ 27. Kf2 P@e3+ 28. Kxe3 
c6 29. Nxf6 Bxf3 30. Rxf3 Qb6+ 31. Ke2 Qxb2+ 32. P@d2 N@c3+ 33. Ke1 Nxd1 
34. Nd7+ Ke7 35. B@f6# 
{Bobeskillz checkmated} 1-0

[Event "fics rated crazyhouse match"]
[Site "fics, Oklahoma City, OK USA"]
[Date "2000.11.22"]
[White "LINDEGREN"]
[WhiteElo "2340"]
[Black "RFrancisco"]
[BlackElo "2356"]
[TimeControl "120+0"]
[Result "1-0"]

1. e4 e6 2. Nc3 Nc6 3. a3 Nge7 4. d4 d5 5. e5 Ng6 6. Nh3 
Rb8 7. Be2 Be7 8. O-O O-O 9. Be3 f6 10. exf6 Bxf6 11. P@g5 Be7 
12. Qd2 Bd7 13. f4 Be8 14. Nf2 P@f5 15. Kh1 a6 16. b4 b5 17. Nd3 
Nh4 18. Rg1 Bg6 19. Nd1 Qe8 20. Bf2 Bh5 21. Bxh4 Bxe2 22. Qxe2 Nxd4 
23. Qf2 B@a7 24. B@e3 P@c5 25. bxc5 Bexc5 26. Nxc5 Bxc5 27. P@f6 N@c6 28. fxg7 
Kxg7 29. B@h6# 
{RFrancisco resigns} 1-0

[Event "fics rated crazyhouse match"]
[Site "fics, Oklahoma City, OK USA"]
[Date "2000.11.22"]
[White "Flesh"]
[WhiteElo "2180"]
[Black "roboRPETE"]
[BlackElo "2340"]
[TimeControl "0+1"]
[Result "0-1"]

1. e4 Nf6 2. d4 Nxe4 3. Nc3 Nxc3 4. bxc3 N@e4 5. Qd3 d5 6. Nf3 
P@c4 7. Qe3 Bf5 8. Ba3 e6 9. Bxf8 Rxf8 10. Be2 B@h6 11. B@g5 Nxg5 
12. Nxg5 Qxg5 13. Rg1 Qxe3 14. fxe3 Bxe3 15. Q@f3 P@f2+ 16. Qxf2 Bxf2+ 17. Kxf2 
N@e4+ 18. Ke1 Q@d2+ 19. Kf1 Q@f2# 
{Flesh checkmated} 0-1